 Dungeon Crawl Stone Soup version 0.29.1-12-g30fa7ad0bf (webtiles) character file.

Game seed: 9193096204658195662

386 Ihaveafatcat the Trooper (level 6, -5/52 (55) HPs)
             Began as a Hill Orc Fighter on Jan 12, 2023.
             Slain by an ogre
             ... wielding a +0 giant club
              (16 damage)
             ... on level 4 of the Dungeon.
             The game lasted 00:04:39 (6267 turns).

Ihaveafatcat the Trooper (Hill Orc Fighter)         Turns: 6267, Time: 00:04:39

HP:   -5/52 (55)    AC:  7    Str: 21    XL:     6   Next: 78%
MP:   6/6           EV:  9    Int:  8    God:
Gold: 198           SH:  4    Dex: 10    Spells: 5/5 levels left

rFire   . . .      SeeInvis .   a - +1 war axe
rCold   . . .      Faith    .   c - +0 buckler
rNeg    . . .      Spirit   .   b - +0 scale mail
rPois   .          Reflect  .   (no helmet)
rElec   .          Harm     .   (no cloak)
rCorr   .          Rampage  .   (no gloves)
Will    .....                   (no boots)
Stlth   ..........              (no amulet)
HPRegen 0.17/turn               (no ring)
MPRegen 0.10/turn               (no ring)

@: drained
A: no striking features
a: no special abilities


You were on level 4 of the Dungeon.
You visited 1 branch of the dungeon, and saw 5 of its levels.

You collected 198 gold pieces.

Inventory:

Hand Weapons
 a - a +1 war axe (weapon)
Missiles
 p - 6 curare-tipped darts (quivered)
Armour
 b - a +0 scale mail (worn)
 c - a +0 buckler (worn)
Jewellery
 e - the ring of Mesec {rElec rPois rF+++ rN+ Str-3}
   (You acquired it on level 4 of the Dungeon)

   [ring of positive energy]

   Str:       It affects your strength (-3).
   rF:        It renders you almost immune to fire.
   rElec:     It insulates you from electricity.
   rPois:     It protects you from poison.
   rN:        It protects you from negative energy.
Scrolls
 f - a scroll of magic mapping
 g - a scroll of vulnerability {unknown}
 k - a scroll of butterflies
 o - a scroll of torment
 t - a scroll of poison
Potions
 d - 3 potions of might
 h - 2 potions of brilliance
 j - a potion of magic
 m - 2 potions of curing
 n - 2 potions of degeneration
 q - 2 potions of cancellation {unknown}
 r - a potion of invisibility {unknown}
 s - a potion of resistance {unknown}


   Skills:
 + Level 4.9 Fighting
 + Level 4.5 Axes
 + Level 2.1 Throwing
 + Level 4.4 Armour
 + Level 4.3 Shields
 + Level 2.4 Evocations


You had 5 spell levels left.
You didn't know any spells.
Your spell library contained the following spells:

 Spells                   Type           Power      Damage    Failure   Level
 Beastly Appendage        Tmut           0%         N/A       83%         1
 Wereblood                Tmut           0%         N/A       92%         2
 Spider Form              Tmut/Pois      0%         N/A       99%         3


Dungeon Overview and Level Annotations

Branches:
Dungeon (5/15)
 Temple: D:4-7

Altars:
Makhleb
Sif Muna
Uskayaw
Wu Jian
The Shining One

Shops:
D:3 :

Annotations:
D:4 Blork the orc


Message History

You hit the gnoll but do no damage.
The gnoll is almost dead.
The gnoll hits you with a +0 halberd.
You hit the gnoll.
You kill the gnoll!
You are too injured to fight recklessly!
You are too injured to fight recklessly!
You are too injured to fight recklessly!
You are too injured to fight recklessly!
You are too injured to fight recklessly!
Key pressed, stopping explore.
An ogre comes into view. It is wielding a +0 giant club.
An ogre is nearby!
An ogre is nearby!
The ogre shouts!
Things that are here:
a +0 halberd; a gnoll corpse You hit the ogre.
The ogre is lightly wounded.
The ogre hits you with a +0 giant club!!
Ouch! That really hurt!
You are too injured to fight recklessly!
You are too injured to fight recklessly!
You are too injured to fight recklessly!
You are too injured to fight recklessly!
You are too injured to fight recklessly!
You are too injured to fight recklessly!
You are too injured to fight recklessly!
You are too injured to fight recklessly!
You slash the ogre!
The ogre is heavily wounded.
You block the ogre's attack.
You barely miss the ogre.
The ogre is heavily wounded.
The ogre hits you with a +0 giant club!
* * * LOW HITPOINT WARNING * * *
You hit the ogre.
The ogre is heavily wounded.
The ogre hits you with a +0 giant club!
You die...

*,,,***,,..##..............
*,,,* #...............>....
***** #....##..............
#....##..........#...
#....##........###...
*....##........# #...
**#...#........# #...
#.O.#........# #...
#.@.<...)....#**,,.
#...##.........*,,,
#..)##..........,,,
###..#.........#,,,
##.#.........*,,,
#..........,*,,,
###.......,,*,,,
*.......,,**** *.......,,*


You could see an ogre.

Vanquished Creatures
  A scorpion (D:4)
  2 wights
  A gnoll bouda (D:3)
  Jessica (D:3)
  An iguana (D:4)
  3 gnolls
  7 adders
  2 worms
  An orc (D:4)
  5 endoplasms
  A giant cockroach (D:4)
  5 goblins
  3 hobgoblins
  A quokka (D:1)
  2 ball pythons
  A bat (D:3)
  4 frilled lizards
  8 kobolds
  2 rats
51 creatures vanquished.

Notes
Turn   | Place    | Note
-------+----------+-------------------------------------------
     0 | D:1      | Ihaveafatcat the Hill Orc Fighter began the quest for the
                  | Orb.
     0 | D:1      | Reached XP level 1. HP: 19/19 MP: 1/1
   298 | D:1      | Found a faded altar of an unknown god.
  1225 | D:2      | Reached XP level 2. HP: 24/27 MP: 2/2
  1555 | D:2      | Reached XP level 3. HP: 31/33 MP: 3/3
  2463 | D:3      | Found Qides's Book Boutique.
  2529 | D:3      | Reached skill level 1 in Throwing
  2529 | D:3      | Reached skill level 1 in Evocations
  2964 | D:3      | Noticed Jessica
  2976 | D:3      | Killed Jessica
  2977 | D:3      | Reached XP level 4. HP: 11/40 MP: 4/4
  3862 | D:3      | Found an ornate altar of the Wu Jian Council.
  3872 | D:3      | You fall into a shaft and drop 2 floors!
  3872 | D:5      | Entered Level 5 of the Dungeon
  3920 | D:4      | Reached XP level 5. HP: 37/46 MP: 5/5
  3951 | D:4      | HP: 2/46 [iguana (3)]
  4414 | D:3      | Found a glowing golden altar of the Shining One.
  4418 | D:3      | Found a hide-covered altar of Uskayaw.
  4425 | D:3      | Found a shimmering blue altar of Sif Muna.
  4429 | D:3      | Found a burning altar of Makhleb.
  4638 | D:4      | Noticed Blork the orc
  4640 | D:4      | Identified a scroll of acquirement
  4641 | D:4      | Acquired the ring of Mesec {rElec rPois rF+++ rN+ Str-3}
  4973 | D:4      | Reached XP level 6. HP: 32/53 MP: 6/6
  6267 | D:4      | Slain by an ogre

Illustrated notes

Levels and vault maps discovered:
D:1:      onia_arrival_mini_spirals, layout_basic,
          hellmonk_ecumenical_altar_crossroads, nrook_mini_vaults
D:2:      layout_basic, grunt_ministairs_10, roderic_serpentine_path
D:3:      layout_basic, minmay_overflow_temple_star_hex, serial_shops,
          nicolae_shop_hallway_plus, uniq_jessica
D:4:      layout_rooms, kennysheep_slug_shrine, chequers_serial_rivers_micro_d,
          bh_walls_and_bars, uniq_blork_the_orc, uniq_eustachio
D:5:      layout_basic, grunt_gozag_statues, st_stairs_12, minmay_fountain_box

Skill      XL: |  1  2  3  4  5  6 |
---------------+-------------------+-----
Axes           | 3 4 |  4.5
Throwing       | 1 2 |  2.1
Evocations     | 1 2 |  2.4
Fighting       | 4 |  4.9
Armour         | 4 |  4.4
Shields        | 4 |  4.3

Action                   |  1- 3 |  4- 6 || total
-------------------------+-------+-------++-------
Melee: War axe           |    73 |   102 ||   175
  Use: Scroll            |       |    13 ||    13
       Potion            |       |     1 ||     1
Armor: Scale mail        |    29 |    43 ||    72
Dodge: Dodged            |    36 |    57 ||    93
Block: Buckler           |    13 |    26 ||    39
